 Dungeon Crawl Stone Soup version 0.30-a0-576-g89cddaab80 (webtiles) character file.

Game seed: 10529303646388144290

409 kae the Changer (level 6, -4/43 HPs)
             Began as a Demonspawn Transmuter on Dec 30, 2022.
             Slain by Sigmund
             ... wielding a +0 scythe
              (9 damage)
             ... on level 3 of the Dungeon.
             The game lasted 00:03:46 (3844 turns).

kae the Changer (Demonspawn Transmuter)             Turns: 3844, Time: 00:03:46

Health: -4/43      AC:  2    Str: 11    XL:     6   Next: 58%
Magic:  11/11      EV:  9    Int: 16    God:
Gold:   152        SH:  0    Dex: 13    Spells: 2/12 levels left

rFire   . . .      SeeInvis .      - Unarmed
rCold   + . .      Faith    .    (no shield)
rNeg    . . .      Spirit   .    a - +0 robe
rPois   .          Reflect  .    (no helmet)
rElec   .          Harm     .    (no cloak)
rCorr   .          Rampage  .    (no gloves)
Will    .....                    (no boots)
Stlth   +                        (no amulet)
HPRegen 0.27/turn                C - ring of protection from cold
MPRegen 0.12/turn                (no ring)

@: confused, grasped by roots, on berserk cooldown, slowed, constricted, very
slow
A: demonic guardian 2, demonic touch 1
a: no special abilities


You were on level 3 of the Dungeon.
You visited 1 branch of the dungeon, and saw 4 of its levels.

You collected 152 gold pieces.


Innate Abilities, Weirdness & Mutations

A demonic guardian rushes to your aid.
Your touch may inflict minor irresistible damage on your foes.


   Skills:
 - Level 1.0 Fighting
 - Level 1.7 Dodging
 + Level 4.0 Unarmed Combat
 + Level 3.6 Spellcasting
 * Level 4.4 Transmutations
 * Level 0.0 Ice Magic
 - Level 1.5 Poison Magic


You had 2 spell levels left.
You knew the following spells:

 Your Spells              Type           Power      Damage    Failure   Level
a - Beastly Appendage     Tmut           34%        N/A       2%          1
b - Wereblood             Tmut           17%        N/A       4%          2
c - Spider Form           Tmut/Pois      12%        N/A       16%         3
d - Ice Form              Ice/Tmut       10%        N/A       56%         4

Your spell library contained the following spells:

 Spells                   Type           Power      Damage    Failure   Level
 Magic Dart               Conj           8%         1d3       17%         1
 Call Imp                 Summ           2%         N/A       26%         2
 Sublimation of Blood     Necr           2%         N/A       26%         2
 Mephitic Cloud           Conj/Pois/Air  4%         N/A       38%         3
 Dazzling Flash           Conj/Hex       4%         N/A       45%         3
 Ozocubu's Armour         Ice            2%         N/A       45%         3
 Tukima's Dance           Hex            2%         N/A       45%         3
 Petrify                  Tmut/Erth      10%        N/A       56%         4
 Passage of Golubria      Tloc           2%         N/A       86%         4
 Irradiate                Conj/Tmut      5%         3d13      89%         5
 Yara's Violent Unravell  Hex/Tmut       5%         3d4       89%         5
 Agony                    Necr           2%         N/A       99%         5
 Silence                  Hex/Air        1%         N/A       99%         5
 Ozocubu's Refrigeration  Ice            1%         4d7       100%        7

Inventory:

Missiles
 g - 5 poisoned darts
 i - 35 stones
Armour
 a - a +0 robe (worn)
Jewellery
 C - a ring of protection from cold (left hand)
   (You found it on level 1 of the Dungeon)
Scrolls
 j - a scroll of magic mapping {!r}
Potions
 b - 2 potions of lignification {!q}
 c - 2 potions of mutation {!q}
 d - a potion of flight {unknown}
 e - a potion of magic
 h - 4 potions of curing {@q1}
 k - a potion of brilliance {unknown}
 o - a potion of resistance

Dungeon Overview and Level Annotations

Branches:
Dungeon (4/15) Zot: 20162
 Temple: D:4-7

Altars:
Makhleb

Annotations:
D:3 Sigmund

#.#.##<.ยง...#....#....#
#.#.##......#..........
#.#.##.###.##..........
#.#.##.#...###.........
#.#.##.#.#.# #.........
#......#.#.###.#.......
###.##.#.#......#######
#.<...#.##.##..#
#..##@#........#
#..##.###.#.##.#######
#..##4................
#.....#.###.#.########
###..........#...##....
#....#.#..######.###.#.
#.#.##.#..#......# #.#.
#.#....##.#)###### #.#.
#.####....#.# #.#.


You could see a friendly orange demon (summoned, wandering).


Message History

Unknown command.
You barely miss Sigmund. Sigmund barely misses you. ๐Ÿ˜ฎ HP[+1]
You closely miss Sigmund.
Unknown command.
You bump into the rock wall.
Sigmund casts a spell at you.
You are more confused. ๐Ÿ˜ฎ MP[+1] Sigmund zaps a wand.
The roots erupt in riotous growth!
The grasping roots grab you! The grasping roots constrict you.
A demonic guardian appears!
You bump into the rock wall.
Sigmund casts a spell at you. The magic dart hits you!
* * * LOW HITPOINT WARNING * * *
The grasping roots constrict you.
* * * LOW HITPOINT WARNING * * *
๐Ÿ˜จ HP[-19]
You take 19 damage, and now have 12/43 hp.
MASSIVE DAMAGE!! (PAUSE)
You bump into the rock wall.
Sigmund closely misses you. The grasping roots constrict you.
* * * LOW HITPOINT WARNING * * *
๐Ÿ˜ฑ HP[-3]
You take 3 damage, and now have 9/43 hp.
Okay, then.
You're too confused to move!
Sigmund mumbles some strange words.
Sigmund flickers and vanishes!
Deactivating autopickup; reactivate with Ctrl-A.
You are constricted.
* * * LOW HITPOINT WARNING * * *
The grasping roots release their grip on you. ๐Ÿ˜ฑ HP[-2]
You take 2 damage, and now have 7/43 hp. ๐Ÿ˜ฑ HP[+1]
Your transformation is almost over.
Something barely misses you.
It was a potion of berserk rage.
A red film seems to cover your vision as you go berserk!
You feel yourself moving faster!
You feel mighty! ๐Ÿ˜ฑ HP[+4]
You now have 64 max hp (+21).
You regained 4 hp, and now have 12/64 hp.
You bite your rust devil!
You hear a zap.
The roots erupt in riotous growth!
Roots grab your rust devil. The grasping roots grab you!
Your rust devil is constricted.
You are constricted.
* * * LOW HITPOINT WARNING * * *
๐Ÿ˜ฑ MP[+1] Unknown command.
You bump into the rock wall.
You escape the roots grasp.
You feel a strong urge to attack something.
Something barely misses you.
Your rust devil is constricted.
Unknown command.
You bump into the rock wall.
You feel less confused.
You feel your anger nearly subside.
You are no longer berserk.
You are exhausted.
You feel yourself slow down.
The roots release their grip on your rust devil.
You hear some strange, mumbled words.
Your rust devil resists with almost no effort. ๐Ÿ˜ฑ HP[-4]
You now have 43 max hp (-21).
It was a potion of curing.
You feel better.
Your rust devil disappears in a puff of smoke!
You hear a zap.
The roots erupt in riotous growth!
The grasping roots grab you!
You are constricted.
* * * LOW HITPOINT WARNING * * *
๐Ÿ˜จ HP[+5]
You regained 5 hp, and now have 13/43 hp.
You escape the roots grasp.
Your transformation has ended.
Your +0 robe unmelds from your body. ๐Ÿ˜จ HP[+1] MP[+1]
Your mp is fully restored (11).
You hear a zap.
The roots erupt in riotous growth!
The grasping roots grab you!
You are constricted.
* * * LOW HITPOINT WARNING * * *
You escape the roots grasp.
You hear some strange, mumbled words.
You are confused. ๐Ÿ˜ฑ HP[-5]
You take 5 damage, and now have 9/43 hp.
You hear a zap.
The roots erupt in riotous growth!
The grasping roots grab you!
You are constricted.
* * * LOW HITPOINT WARNING * * *
A demonic guardian appears!
Something hits you!
You die...

Skill      XL: |  1  2  3  4  5  6 |
---------------+-------------------+-----
Transmutations | 2 3 4 |  4.4
Unarmed Combat | 3 4 |  4.0
Poison Magic   | 1 |  1.5
Spellcasting   | 3 |  3.6
Fighting       | |  1.0
Dodging        | |  1.7

Action                   |  1- 3 |  4- 6 || total
-------------------------+-------+-------++-------
Melee: Unarmed           |    95 |    53 ||   148
       Kick              |    23 |     1 ||    24
       Headbutt          |    12 |     4 ||    16
       Touch             |     7 |     3 ||    10
 Cast: Beastly Appendage |    29 |     5 ||    34
       Spider Form       |     2 |     5 ||     7
  Use: Scroll            |     4 |     6 ||    10
       Potion            |       |     2 ||     2
Armor: Robe              |    14 |     3 ||    17
       Skin              |     1 |     5 ||     6
Dodge: Dodged            |    77 |    38 ||   115

Levels and vault maps discovered:
D:1:      minmay_arrival_four_circles, layout_basic, basic_ecumenical_altar
D:2:      layout_rooms, minivault_14
D:3:      layout_basic, mainiacjoe_overflow_cross_hatched, uniq_sigmund
D:4:      layout_basic

Notes
Turn   | Place    | Note
-------+----------+-------------------------------------------
     0 | D:1      | kae the Demonspawn Transmuter began the quest for the Orb.
     0 | D:1      | Reached XP level 1. HP: 15/15 MP: 3/3
     0 | D:1      | magus.rc [v1.11.3]
    87 | D:1      | You pick up a book of Alchemy and begin reading...
    87 | D:1      | You add the spells Sublimation of Blood, Petrify and
                  | Irradiate to your library.
   115 | D:1      | You pick up a book of Minor Magic and begin reading...
   115 | D:1      | You add the spells Magic Dart, Call Imp and Mephitic Cloud
                  | to your library.
   190 | D:1      | Reached skill level 2 in Transmutations
   206 | D:1      | Found a faded altar of an unknown god.
   380 | D:1      | Gained mutation: Your touch may inflict minor irresistible
                  | damage on your foes. [demonic ancestry]
   380 | D:1      | Reached XP level 2. HP: 18/21 MP: 3/5
   549 | D:1      | You fall into a shaft and drop 1 floor!
  1022 | D:2      | You pick up a book of the Senses and begin reading...
  1022 | D:2      | You add the spells Dazzling Flash, Agony and Silence to
                  | your library.
  1074 | D:2      | Reached skill level 3 in Unarmed Combat
  1168 | D:2      | Gained mutation: A weak demonic guardian rushes to your
                  | aid. [demonic ancestry]
  1168 | D:2      | Reached XP level 3. HP: 26/26 MP: 4/6
  1172 | D:2      | Learned a level 3 spell: Spider Form
  1363 | D:2      | You add the spells Tukima's Dance, Passage of Golubria and
                  | Yara's Violent Unravelling to your library.
  1882 | D:3      | Noticed Sigmund
  2083 | D:3      | Found a burning altar of Makhleb.
  2267 | D:3      | Learned a level 2 spell: Wereblood
  2269 | D:3      | HP: 6/26 [constriction (8)]
  2422 | D:4      | Reached skill level 3 in Transmutations
  2422 | D:4      | Gained mutation: A demonic guardian rushes to your aid.
                  | [demonic ancestry]
  2422 | D:4      | Reached XP level 4. HP: 19/32 MP: 3/7
  2739 | D:4      | Reached skill level 1 in Poison Magic
  2815 | D:4      | Noticed a scorpion
  2819 | D:4      | Killed a scorpion
  2820 | D:4      | Reached XP level 5. HP: 37/37 MP: 5/9
  3022 | D:4      | Noticed an ice beast
  3037 | D:4      | Killed an ice beast
  3038 | D:4      | Reached skill level 3 in Spellcasting
  3203 | D:4      | You add the spells Ozocubu's Armour and Ozocubu's
                  | Refrigeration to your library.
  3241 | D:4      | Noticed a black bear
  3250 | D:4      | Killed a black bear
  3251 | D:4      | Reached skill level 4 in Transmutations
  3251 | D:4      | Reached XP level 6. HP: 25/43 MP: 6/11
  3632 | D:4      | Reached skill level 4 in Unarmed Combat
  3794 | D:3      | Learned a level 4 spell: Ice Form
  3826 | D:3      | HP: 9/43 [constriction (3)]
  3832 | D:3      | HP: 12/64 [something (1)]
  3842 | D:3      | HP: 9/43 [something (6)]
  3844 | D:3      | Slain by Sigmund

Vanquished Creatures
  An ice beast (D:4)
  A black bear (D:4)
  A necrophage (D:4)
  A scorpion (D:4)
  An iguana (D:4)
  2 adders (D:4)
  An ufetubus (D:4)
  An orc (D:3)
  9 endoplasms
  4 giant cockroaches
  A goblin (D:1)
  9 hobgoblins
  3 jackals (D:2)
  3 quokkas
  6 ball pythons
  3 bats
  4 frilled lizards
  3 kobolds
  4 rats
58 creatures vanquished.

Vanquished Creatures (others)
  14 plants (D:3)
14 creatures vanquished.

Grand Total: 72 creatures vanquished

Table legend:
 A = Non-vault XP
 B = Vault XP
 C = Vault XP percentage of total XP
 D = Non-vault monster count
 E = Vault monster count
 F = Vault count percentage of total count
                 A         B        C        D         E       F
            +---------+---------+-------+---------+---------+-------
      Total |     585 |       0 |   0.0 |      58 |       0 |   0.0
            +---------+---------+-------+---------+---------+-------
        D:1 |      21 |       0 |   0.0 |      13 |       0 |   0.0
        D:2 |      31 |       0 |   0.0 |      17 |       0 |   0.0
        D:3 |      20 |       0 |   0.0 |      13 |       0 |   0.0
        D:4 |     513 |       0 |   0.0 |      15 |       0 |   0.0
            +---------+---------+-------+---------+---------+-------

Illustrated notes

Table legend:
 A = Kills in this place as a percentage of kills in entire the game.
 B = Kills by you in this place as a percentage of kills by you in the entire game.
 C = Kills by friends in this place as a percentage of kills by friends in the entire game.
 D = Other kills in this place as a percentage of other kills in the entire game.
 E = Experience gained in this place as a percentage of experience gained in the entire game.
 F = Experience gained in this place divided by the number of levels of this place that you have seen.
                   A       B       C       D       E      F
               +-------+-------+-------+-------+-------+----------------------
         Total | 100.0 | 100.0 |   N/A |   N/A | 100.0 | 146.2
       Dungeon | 100.0 | 100.0 |   N/A |   N/A | 100.0 | 146.2
               +-------+-------+-------+-------+-------+----------------------

Table legend: (Time is in decaauts)
 A = Elapsed time spent in this place.
 B = Non-inter-level travel time spent in this place.
 C = Inter-level travel time spent in this place.
 D = Time resting spent in this place.
 E = Time spent auto-exploring this place.
 F = Levels seen in this place.
 G = Mean time per level.
                   A        B        C        D        E       F      G
               +--------+--------+--------+--------+--------+-----+--------+
         Total |   3836 |   3705 |    131 |    168 |   2996 |   4 |  959.0 |
       Dungeon |   3836 |   3705 |    131 |    168 |   2996 |   4 |  959.0 |
               +--------+--------+--------+--------+--------+-----+--------+

Top non-repeatable levels by time:
     D:4: 1275 daAuts
     D:1: 988 daAuts
     D:3: 946 daAuts
     D:2: 626 daAuts
